 Dungeon Sprint DCSS version 0.24-a0-246-gb963c9a (webtiles) character file.

Game seed: 8737909407411905391

5099 MikeHunt the Nimble (level 10, -2/90 HPs)
             Began as a Formicid Wanderer on Apr 12, 2019.
             Was an Elder of Okawaru.
             Succumbed to a spiny frog's poison
             ... in the Dungeon (Sprint III: "The Ten Rune Challenge").
             The game lasted 00:14:05 (2763 turns).

MikeHunt the Nimble (Formicid Wanderer)             Turns: 2763, Time: 00:14:06

Health: -2/90      AC: 18    Str: 20    XL:     10   Next: 87%
Magic:  16/16      EV: 15    Int:  9    God:    Okawaru [****..]
Gold:   5380       SH:  0    Dex: 13    Spells: 9/9 levels left

rFire    . . .     SeeInvis +   b - +0 hand crossbow
rCold    . . .     Gourm    .   (no shield)
rNeg     . . .     Faith    .   w - +0 plate armour
rPois    .         Spirit   .   (helmet unavailable)
rElec    .         Reflect  .   (no cloak)
rCorr    .         Harm     .   (no gloves)
MR       +....                  (no boots)
Stlth    ..........             (no amulet)
HPRegen  0.25/turn              (no ring)
MPRegen  0.15/turn              (no ring)

@: lethally poisoned (-2 -> -39), heroism, very slow
A: permanent stasis, dig shafts and tunnels, four strong arms, antennae 3, icy
blue scales 1, agile 1, dopey 1
a: Dig, Heroism, Renounce Religion


You were in the Dungeon.
You worshipped Okawaru.
Okawaru was greatly pleased with you.
You were not hungry.

You visited 1 branch You collected 5380 gold pieces.

Inventory:

Hand Weapons
 a - a +2 hand axe
 b - a +0 hand crossbow (weapon)
 d - a +1 long sword of holy wrath
 t - a +1 halberd
 u - a +0 giant spiked club
Missiles
 y - 5 bolts (quivered)
Armour
 c - a +0 ring mail
 v - a +0 chain mail
 w - a +0 plate armour (worn)
Wands
 l - a wand of iceblast (2)
Scrolls
 k - a scroll of blinking
 m - 5 scrolls of identify
 o - a scroll of holy word {unknown}
 r - a scroll of torment {unknown}
 s - a scroll of enchant armour {unknown}
Potions
 h - a potion of haste
 i - 2 potions of magic
 j - a potion of berserk rage
 n - a potion of mutation
 p - a potion of brilliance {unknown}
 q - 3 potions of flight
Miscellaneous
 x - a phantom mirror
Comestibles
 f - 2 rations


   Skills:
 - Level 12.5(17.5) Fighting
 - Level 2.0(7.0) Axes
 - Level 10.0(15.0) Crossbows
 + Level 8.7(13.7) Armour
 - Level 13.8(18.8) Dodging
 - Level 6.1 Invocations
 - Level 9.1 Evocations


You had 9 spell levels left.
You didn't know any spells.
Your spell library contained the following spells:

 Spells                   Type           Power        Failure   Level  Hunger
 Infusion                 Chrm           #...         99%         1    ##.....
 Magic Dart               Conj           #...         99%         1    ##.....
 Call Imp                 Summ           #.......     100%        2    ###....
 Shroud of Golubria       Chrm/Tloc      #.........   100%        2    ###....
 Slow                     Hex            #.......     100%        2    ###....
 Song of Slaying          Chrm           #.......     100%        2    ###....
 Conjure Flame            Conj/Fire      #.......     100%        3    ####...
 Mephitic Cloud           Conj/Pois/Air  #.......     100%        3    ####...
 Regeneration             Chrm/Necr      #.........   100%        3    ####...
 Spectral Weapon          Hex/Chrm       #.......     100%        3    ####...
 Blink                    Tloc           Unusable     N/A         2    N/A

Dungeon Overview and Level Annotations

Branches:
Dungeon (1/1)

Altars:
Cheibriados
Dithmenos
Elyvilon
Fedhas
Gozag
Hepliaklqana
Kikubaaqudgha
Makhleb
Nemelex Xobeh
Okawaru
Qazlal
Ru
Sif Muna
Trog
Uskayaw
Vehumet
Wu Jian
Xom
Yredelemnul
Zin
The Shining One
Beogh
Jiyva
Lugonu

Shops:
D *


Innate Abilities, Weirdness & Mutations

You cannot be hasted, slowed, berserked, paralysed or teleported.
You can dig through walls and to a lower floor.
Your four strong arms can wield two-handed weapons with a shield.
You have a pair of large antennae on your head. (SInv)
You are partially covered in icy blue scales. (AC +2)
You are agile. (Dex +2)
You are dopey. (Int -2)


Message History

* * * LOW HITPOINT WARNING * * *
You feel sick. The spiny frog stings you!
* * * LOW HITPOINT WARNING * * *
You are more poisoned.
The spiny frog poisons you! The spiny frog misses you.
Firing (i - inventory)
y - 7 bolts (quivered)
Press: ? - help, Shift-Dir - straight line, f/p - spiny frog
Aim: a spiny frog (moderately wounded)
You shoot a bolt. The bolt hits the spiny frog!
The spiny frog is heavily wounded.
* * * LOW HITPOINT WARNING * * *
You feel very sick. The spiny frog closely misses you.
Firing (i - inventory)
y - 6 bolts (quivered)
Press: ? - help, Shift-Dir - straight line, f/p - spiny frog
Aim: a spiny frog (heavily wounded)
You shoot a bolt.
The bolt hits the spiny frog but does no damage.
The spiny frog is heavily wounded.
You die...

≈≈≈.....')⌠....))))#.)#..#.###
≈≈≈≈≈...#...######[#..###.##
≈≈≈≈....#.⌠.#__#.).#'############
≈≈≈.....#...#__#..)#....#.#.#...)
≈.......#)###__#)..##.#..#)##.###
........#.).#__#...)##.#.#.##)#.)
........#___#__'...#...#..#..##..
▓▓▓▓▓▓▓▓▓▓▓▓▓▓▓▓▓▓▓▓▓▓▓▓▓▓▓▓▓▓▓▓▓
♣@≈≈........≈≈≈... {
♣F♣≈≈≈≈≈≈≈≈≈≈≈≈♣♣P. {{
.≈♣♣♣♣♣♣♣♣♣♣♣♣♣♣♣♣PP { #.. ♣♣♣ ##
{ { {{ { { {{


You could see a spiny frog.

Vanquished Creatures
  Erolcha (D)
  A deep elf mage (D)
  An orc knight (D)
  A spiny frog (D)
  A komodo dragon (D)
  3 wandering mushrooms (D)
  A shadow (D)
  2 redbacks (D)
  A spatial vortex (D)
  3 orc warriors (D)
  A necrophage (D)
  5 two-headed ogres (D)
  A water elemental (D)
  A scorpion (D)
  3 orc priests (D)
  A wizard (D)
  A jelly (D)
  3 orc wizards (D)
  A necromancer (D)
  A kobold demonologist (D)
  3 humans (D)
  8 orcs (D)
  4 rats (D)
48 creatures vanquished.

Vanquished Creatures (others)
  2 draconian scorchers (D)
  6 hellions (D)
  2 yaktaurs (D)
  2 plants (D)
12 creatures vanquished.

Grand Total: 60 creatures vanquished

Notes
Turn   | Place    | Note
-------+----------+-------------------------------------------
     0 | D        | MikeHunt the Formicid Wanderer began the quest for the Orb.
     0 | D        | MikeHunt set off with the following items: a +2 hand axe, a
                  | +0 ring mail, a +0 hand crossbow, 26 bolts, a potion of
                  | curing, a ration, a potion of heal wounds, a potion of
                  | haste, 2 potions of magic, a potion of berserk rage, a
                  | scroll of blinking
     0 | D        | Reached XP level 1. HP: 15/15 MP: 2/2
    29 | D        | Killed a yaktaur
    44 | D        | Noticed a scorpion
    47 | D        | Killed a scorpion
    47 | D        | Reached XP level 2. HP: 20/21 MP: 3/3
    47 | D        | Reached XP level 3. HP: 24/26 MP: 4/4
    47 | D        | Reached XP level 4. HP: 30/32 MP: 5/5
    83 | D        | Killed a hellion
    83 | D        | Killed a hellion
    88 | D        | Gained mutation: You are dopey. (Int -2) [potion of
                  | mutation]
    88 | D        | Gained mutation: You are agile. (Dex +2) [potion of
                  | mutation]
    88 | D        | Gained mutation: You are partially covered in icy blue
                  | scales. (AC +2) [potion of mutation]
   110 | D        | Killed a hellion
   120 | D        | Killed a hellion
   123 | D        | Killed a hellion
   193 | D        | Killed a hellion
   209 | D        | Killed a white draconian scorcher
   209 | D        | Killed a white draconian scorcher
   344 | D        | Noticed a water elemental
   353 | D        | Killed a water elemental
   353 | D        | Reached skill level 10 in Crossbows
   353 | D        | Reached XP level 5. HP: 28/37 MP: 6/6
   425 | D        | Found a hide-covered altar of Uskayaw.
   425 | D        | Found a roughly hewn altar of Beogh.
   425 | D        | Found an iron altar of Okawaru.
   425 | D        | Found a bloodstained altar of Trog.
   425 | D        | Found an ornate altar of the Wu Jian Council.
   425 | D        | Noticed a human
   425 | D        | Noticed a human
   441 | D        | Killed a human
   441 | D        | Reached skill level 4 in Dodging
   441 | D        | Reached XP level 6. HP: 38/52 MP: 7/7
   454 | D        | Killed a human
   454 | D        | Reached skill level 6 in Dodging
   454 | D        | Reached XP level 7. HP: 26/62 MP: 8/8
   543 | D        | Became a worshipper of Warmaster Okawaru
   600 | D        | Found a glowing silver altar of Zin.
   600 | D        | Found a glowing golden altar of the Shining One.
   600 | D        | Found a white marble altar of Elyvilon.
   600 | D        | Noticed a deep elf mage
   611 | D        | Killed a deep elf mage
   611 | D        | Reached skill level 10 in Fighting
   611 | D        | Reached skill level 8 in Dodging
   611 | D        | Reached XP level 8. HP: 25/74 MP: 9/9
   787 | D        | Found a basalt altar of Yredelemnul.
   787 | D        | Found a shadowy altar of Dithmenos.
   787 | D        | Found a sacrificial altar of Ru.
   794 | D        | Reached skill level 9 in Dodging
   819 | D        | Found a radiant altar of Vehumet.
   820 | D        | Found a deep blue altar of Sif Muna.
   820 | D        | Found an ancient bone altar of Kikubaaqudgha.
   876 | D        | Noticed a shadow
   898 | D        | Killed a shadow
   898 | D        | Reached * piety under Okawaru
   921 | D        | Found a blossoming altar of Fedhas.
   921 | D        | Found a stormy altar of Qazlal.
   921 | D        | Found a snail-covered altar of Cheibriados.
   921 | D        | Found a burning altar of Makhleb.
   921 | D        | Found a shimmering altar of Xom.
   922 | D        | Found a hazy altar of Hepliaklqana.
   922 | D        | Found an opulent altar of Gozag.
   922 | D        | Found a sparkling altar of Nemelex Xobeh.
   922 | D        | Found a corrupted altar of Lugonu.
   922 | D        | Found a viscous altar of Jiyva.
   978 | D        | Reached XP level 9. HP: 64/81 MP: 11/14
  1230 | D        | Noticed a two-headed ogre
  1238 | D        | HP: 4/81 [two-headed ogre/+0 giant club (26)]
  1240 | D        | Killed a two-headed ogre
  1240 | D        | Reached skill level 10 in Dodging
  1603 | D        | Noticed Erolcha
  1606 | D        | Killed Erolcha
  1606 | D        | Reached ** piety under Okawaru
  1606 | D        | Reached skill level 12 in Dodging
  1616 | D        | Found Xousoin's General Store.
  1617 | D        | Noticed an orc knight
  1644 | D        | Killed an orc knight
  1644 | D        | Reached *** piety under Okawaru
  1644 | D        | Reached XP level 10. HP: 9/87 MP: 14/16
  1821 | D        | Killed a yaktaur
  1953 | D        | Reached skill level 13 in Dodging
  2592 | D        | Received a gift from Okawaru
  2612 | D        | Reached **** piety under Okawaru
  2705 | D        | Reached skill level 5 in Armour
  2741 | D        | Noticed a spiny frog
  2741 | D        | Noticed a komodo dragon
  2741 | D        | Noticed a spiny frog
  2750 | D        | Killed a komodo dragon
  2758 | D        | Killed a spiny frog
  2761 | D        | HP: 4/90 [spiny frog (10)]
  2762 | D        | HP: 1/90 [poisoned by a spiny frog]
  2763 | D        | Succumbed to a spiny frog's poison

Levels and vault maps discovered:
D:        dungeon_sprint_mu [sprint_mu_entry_forest, sprint_mu_temple_rooms,
          sprint_mu_d1_spiders, sprint_mu_d2_genie, sprint_mu_d3_branching,
          sprint_mu_orc_legion, sprint_mu_elf_gauntlet, sprint_mu_hive_nellie,
          sprint_mu_lair_fedhas, sprint_mu_vaults_butterflies,
          sprint_mu_slime_circle, sprint_mu_swamp_cave, sprint_mu_snake_twists,
          sprint_mu_blade_basic, sprint_mu_crypt_chambers,
          sprint_mu_tomb_spiral, sprint_mu_vestibule_basic,
          sprint_mu_gehenna_hellfire, sprint_mu_dis_giant,
          sprint_mu_tartarus_statrot, sprint_mu_cocytus_islands, sprint_mu_zot1]

Skill      XL: |  1  2  3  4  5  6  7  8  9 10 |
---------------+-------------------------------+-----
Crossbows      | 7 10 | 10.0
Fighting       | 6 8 10 11 12 | 12.5
Dodging        | 4 6 8 9 12 13 | 13.8
Evocations     | 7 9 |  9.1
Invocations    | 4 6 |  6.1
Armour         | 8 |  8.7
Axes           | |  2.0

Action                   |  1- 3 |  4- 6 |  7- 9 | 10-12 || total
-------------------------+-------+-------+-------+-------++-------
Melee: Hand axe          |    12 |       |       |    43 ||    55
       Halberd           |       |       |       |     3 ||     3
 Fire: Hand crossbow     |     3 |    48 |    74 |    61 ||   186
Invok: Heroism           |       |       |     2 |     1 ||     3
Evoke: Wand              |       |       |     8 |     2 ||    10
  Use: Potion            |       |     3 |       |     2 ||     5
  Eat: Ration            |       |       |     1 |     1 ||     2
       Chunk             |       |       |       |     1 ||     1
Armor: Ring mail         |     7 |     3 |     3 |    13 ||    26
       Plate armour      |       |       |       |     4 ||     4
Dodge: Dodged            |     3 |    17 |    44 |    62 ||   126

Table legend:
 A = Non-vault XP
 B = Vault XP
 C = Vault XP percentage of total XP
 D = Non-vault monster count
 E = Vault monster count
 F = Vault count percentage of total count
                 A         B        C        D         E       F
            +---------+---------+-------+---------+---------+-------
      Total |       0 |    7285 | 100.0 |       0 |      48 | 100.0
            +---------+---------+-------+---------+---------+-------
          D |       0 |    7285 | 100.0 |       0 |      48 | 100.0
            +---------+---------+-------+---------+---------+-------
